[Event "SVK-ch Open 2018"]
[Site "Banska Stiavnica"]
[Date "2018.07.12"]
[Round "6"]
[White "Pniaczek, Marek"]
[Black "Demeter, Peter"]
[Result "1/2-1/2"]
[ECO "B09"]
[WhiteElo "2082"]
[BlackElo "2146"]
[Annotator "NA"]
[PlyCount "123"]
[EventDate "2018.07.07"]
[EventType "swiss"]
[EventCountry "SVK"]
[SourceTitle "playchess.com"]
[Source "ChessBase"]
[SourceQuality "1"]
[TimeControl "40/5400+30:1800+30"]

1. e4 d6 2. d4 Nf6 3. Nc3 g6 4. f4 Bg7 5. Nf3 O-O 6. Bd3 Bg4 7. e5 dxe5 8. fxe5 Nd5 9. Nxd5 Qxd5 10. c3 c5 11. Be3 cxd4 12. cxd4 Nc6 13. Be2 Rfd8 14. O-O f6 15. Rc1 Be6 16. Bc4 Qd7 17. exf6 exf6 18. Re1 Bxc4 19. Rxc4 Ne7 20. Qb3 Nd5 21. Bf2 Rac8 22. Rec1 Rxc4 23. Qxc4 Re8 24. Re1 Rc8 25. Qb3 Bf8 26. a3 Kg7 27. Bg3 Be7 28. h3 Bd8 29. Kh1 Bb6 30. Qd3 Re8 31. Re2 Rxe2 32. Qxe2 Kf7 33. Kg1 Qe6 34. Kf2 Ne7 35. Qxe6+ Kxe6 36. Ke2 Kd5 37. Kd3 g5 38. Bf2 h5 39. Ne1 Ke6 40. Kc4 h4 41. Nd3 Nd5 42. b4 a6 43. a4 Ba7 44. a5 Kd6 45. b5 axb5+ 46. Kxb5 Nc3+ 47. Kc4 Ne2 48. Be3 Ng3 49. Bd2 Nf5 50. Bb4+ Kc7 51. Kd5 Ne3+ 52. Ke4 Nxg2 53. Kf3 Nf4 54. Nxf4 gxf4 55. Ke4 f3 56. Be1 f5+ 57. Kxf3 Bxd4 58. Kf4 Bf6 59. Kxf5 Bd8 60. Kg4 Kd7 61. Bxh4 Bxa5 62. Kf5 1/2-1/2

[Event "SVK-ch Open 2018"]
[Site "Banska Stiavnica"]
[Date "2018.07.12"]
[Round "6"]
[White "Sosovicka, Jakub"]
[Black "Sarkozi, Szabolcs"]
[Result "1-0"]
[ECO "C54"]
[WhiteElo "2078"]
[BlackElo "1808"]
[Annotator "NA"]
[PlyCount "51"]
[EventDate "2018.07.07"]
[EventType "swiss"]
[EventCountry "SVK"]
[SourceTitle "playchess.com"]
[Source "ChessBase"]
[SourceQuality "1"]
[TimeControl "40/5400+30:1800+30"]

1. e4 Nc6 2. Nf3 e5 3. Bc4 Bc5 4. c3 Nf6 5. d3 d6 6. O-O O-O 7. a4 a5 8. Bb3 Be6 9. Bc2 d5 10. exd5 Qxd5 11. Bg5 Be7 12. Nbd2 h6 13. Bh4 g5 14. Bg3 Bg4 15. Re1 Rad8 16. Qb1 Bxf3 17. Nxf3 Nd7 18. Qd1 Bf6 19. d4 Nb6 20. Qd3 Rfe8 21. Qh7+ Kf8 22. dxe5 Nxe5 23. Bxe5 Bxe5 24. Nxe5 Rxe5 25. Qh8+ Ke7 26. Rxe5+ 1-0

[Event "SVK-ch Open 2018"]
[Site "Banska Stiavnica"]
[Date "2018.07.12"]
[Round "6"]
[White "Volcko, Richard"]
[Black "Bango, Dominik"]
[Result "1-0"]
[ECO "C65"]
[WhiteElo "2068"]
[BlackElo "1835"]
[Annotator "NA"]
[PlyCount "103"]
[EventDate "2018.07.07"]
[EventType "swiss"]
[EventCountry "SVK"]
[SourceTitle "playchess.com"]
[Source "ChessBase"]
[SourceQuality "1"]
[TimeControl "40/5400+30:1800+30"]

1. e4 e5 2. Nf3 Nc6 3. Bb5 Nf6 4. O-O Bc5 5. c3 O-O 6. d4 Bb6 7. Re1 d6 8. h3 Ne7 9. Nbd2 c6 10. Bd3 Ng6 11. Nf1 Nh5 12. Bc2 Nhf4 13. Ng3 f6 14. Be3 Be6 15. Qd2 Bc7 16. Ne2 Nxe2+ 17. Rxe2 Qd7 18. Bb3 Bxb3 19. axb3 Qf7 20. c4 a6 21. Rd1 Rfd8 22. d5 c5 23. b4 b6 24. bxc5 bxc5 25. b4 cxb4 26. Qxb4 Rdb8 27. Qa3 Nf8 28. c5 dxc5 29. Bxc5 Nd7 30. Be3 Qf8 31. d6 Bb6 32. Bxb6 Rxb6 33. Rc2 Rc8 34. Qa2+ Kh8 35. Rxc8 Qxc8 36. Nh4 g6 37. Qe6 Rc6 38. Rd3 Rc3 39. Rxc3 Qxc3 40. Qe8+ Kg7 41. Qxd7+ Kh6 42. Kh2 Qd4 43. Nf3 Qxe4 44. Qg4 Qd5 45. Qd7 e4 46. Qe7 exf3 47. d7 fxg2 48. d8=Q g1=Q+ 49. Kxg1 Qg5+ 50. Kf1 Qc1+ 51. Ke2 Qc4+ 52. Qd3 1-0

[Event "SVK-ch Open 2018"]
[Site "Banska Stiavnica"]
[Date "2018.07.12"]
[Round "6"]
[White "Ferkova, Dominika"]
[Black "Redzisz, Michal"]
[Result "1-0"]
[ECO "E29"]
[WhiteElo "2053"]
[BlackElo "1937"]
[Annotator "NA"]
[PlyCount "55"]
[EventDate "2018.07.07"]
[EventType "swiss"]
[EventCountry "SVK"]
[SourceTitle "playchess.com"]
[Source "ChessBase"]
[SourceQuality "1"]
[TimeControl "40/5400+30:1800+30"]

1. d4 Nf6 2. c4 e6 3. Nc3 Bb4 4. a3 Bxc3+ 5. bxc3 c5 6. e3 Nc6 7. Bd3 O-O 8. Ne2 b6 9. O-O Ba6 10. e4 e5 11. d5 Na5 12. f4 Bxc4 13. Ng3 Bxd3 14. Qxd3 Nb3 15. Rb1 Nxc1 16. Rbxc1 Re8 17. Nf5 d6 18. Rf3 g6 19. Nh6+ Kg7 20. fxe5 Rxe5 21. Rcf1 Kxh6 22. Rxf6 Re7 23. Rxf7 Rxf7 24. Rxf7 Qg5 25. Qh3+ Qh5 26. Qe3+ g5 27. Qf3 Re8 28. Rxh7+ 1-0

[Event "SVK-ch Open 2018"]
[Site "Banska Stiavnica"]
[Date "2018.07.12"]
[Round "6"]
[White "Tepper, Frantisek"]
[Black "Hyll, Jan"]
[Result "1/2-1/2"]
[ECO "B01"]
[WhiteElo "2050"]
[BlackElo "1915"]
[Annotator "NA"]
[PlyCount "51"]
[EventDate "2018.07.07"]
[EventType "swiss"]
[EventCountry "SVK"]
[SourceTitle "playchess.com"]
[Source "ChessBase"]
[SourceQuality "1"]
[TimeControl "40/5400+30:1800+30"]

1. e4 d5 2. exd5 Qxd5 3. Nc3 Qd8 4. d4 Nf6 5. Nf3 c6 6. h3 Bf5 7. Nh4 Bg6 8. Nxg6 hxg6 9. Be3 e6 10. a3 Nbd7 11. Qd2 Nb6 12. Be2 Nbd5 13. Nxd5 Nxd5 14. O-O-O b5 15. Bf3 Qb6 16. Bxd5 cxd5 17. Kb1 a5 18. Qd3 Bd6 19. Ka2 Kd7 20. g4 Qc6 21. b3 Rhc8 22. Rc1 Rcb8 23. h4 Be7 24. Kb2 a4 25. b4 Rh8 26. h5 1/2-1/2

[Event "SVK-ch Open 2018"]
[Site "Banska Stiavnica"]
[Date "2018.07.12"]
[Round "6"]
[White "Panko, Radoslav"]
[Black "Furman, Slavomir"]
[Result "1-0"]
[ECO "A00"]
[WhiteElo "2049"]
[BlackElo "1768"]
[Annotator "NA"]
[PlyCount "75"]
[EventDate "2018.07.07"]
[EventType "swiss"]
[EventCountry "SVK"]
[SourceTitle "playchess.com"]
[Source "ChessBase"]
[SourceQuality "1"]
[TimeControl "40/5400+30:1800+30"]

1. Nc3 d5 2. e4 e6 3. d4 Nc6 4. Nf3 Nf6 5. e5 Ne4 6. Bd3 Bb4 7. Bd2 Nxd2 8. Qxd2 Be7 9. a3 Bd7 10. b4 a5 11. b5 Nb8 12. O-O c5 13. Rfb1 c4 14. Bf1 a4 15. g3 Qb6 16. Ra2 Ra5 17. h4 O-O 18. Nh2 Bxb5 19. Rab2 Bxa3 20. Rxb5 Rxb5 21. Rxb5 Qa6 22. Rb1 Qa5 23. Rb5 Qa6 24. Rb1 Qa5 25. Qe3 Bb4 26. Na2 Bd2 27. Qe2 b5 28. Nf3 Bh6 29. g4 g6 30. g5 Bg7 31. c3 Nc6 32. Nh2 Rb8 33. Ng4 b4 34. Nxb4 Nxb4 35. cxb4 Rxb4 36. Qd2 Bf8 37. Nh6+ Bxh6 38. Qxb4 1-0

[Event "SVK-ch Open 2018"]
[Site "Banska Stiavnica"]
[Date "2018.07.12"]
[Round "6"]
[White "Bednar, Jan"]
[Black "Pereszlenyi, Gejza"]
[Result "1-0"]
[ECO "B10"]
[WhiteElo "2010"]
[BlackElo "1899"]
[Annotator "NA"]
[PlyCount "47"]
[EventDate "2018.07.07"]
[EventType "swiss"]
[EventCountry "SVK"]
[SourceTitle "playchess.com"]
[Source "ChessBase"]
[SourceQuality "1"]
[TimeControl "40/5400+30:1800+30"]

1. e4 c6 2. Nf3 d5 3. Nc3 dxe4 4. Nxe4 Nf6 5. Neg5 Bf5 6. Bc4 e6 7. Ne5 Bg6 8. Qe2 Nd5 9. Nxg6 hxg6 10. Ne4 Qc7 11. g3 Nd7 12. d3 O-O-O 13. Bd2 Be7 14. O-O-O Rh5 15. h4 Rdh8 16. Kb1 Bf6 17. c3 Ne5 18. Bb3 Be7 19. d4 Nd7 20. Rhe1 N7f6 21. Ng5 Rf8 22. Nxf7 e5 23. Nxe5 Re8 24. Qd3 1-0

[Event "SVK-ch Open 2018"]
[Site "Banska Stiavnica"]
[Date "2018.07.12"]
[Round "6"]
[White "Milcova, Zuzana"]
[Black "Ruckschloss, Karol"]
[Result "1/2-1/2"]
[ECO "C01"]
[WhiteElo "2002"]
[BlackElo "2245"]
[Annotator "NA"]
[PlyCount "73"]
[EventDate "2018.07.07"]
[EventType "swiss"]
[EventCountry "SVK"]
[SourceTitle "playchess.com"]
[Source "ChessBase"]
[SourceQuality "1"]
[TimeControl "40/5400+30:1800+30"]

1. e4 e6 2. d4 d5 3. exd5 exd5 4. Nf3 Nf6 5. Bg5 Be7 6. Bd3 Bg4 7. h3 Bh5 8. O-O Nc6 9. c3 Ne4 10. Bxe7 Qxe7 11. Re1 O-O-O 12. Nbd2 Bg6 13. Bb5 Rd6 14. Bxc6 Rxc6 15. c4 Qd8 16. Ne5 Re6 17. Nxe4 dxe4 18. Nxg6 hxg6 19. d5 Re5 20. Qd4 Qg5 21. Rxe4 Rxe4 22. Qxe4 Qf6 23. Qe2 b6 24. Re1 Rh4 25. b3 Rf4 26. Qe8+ Kb7 27. Re2 g5 28. Qe5 Rxf2 29. Qxf6 Rxf6 30. Re5 Rg6 31. g4 a5 32. Kg2 Kc8 33. Kg3 Kd7 34. Rf5 f6 35. Rf3 Rh6 36. Re3 Rh8 37. Kf2 1/2-1/2

[Event "SVK-ch Open 2018"]
[Site "Banska Stiavnica"]
[Date "2018.07.12"]
[Round "6"]
[White "Chrenko, Kristian"]
[Black "Slaba, Andrea"]
[Result "1-0"]
[ECO "B06"]
[WhiteElo "1992"]
[BlackElo "1936"]
[Annotator "NA"]
[PlyCount "67"]
[EventDate "2018.07.07"]
[EventType "swiss"]
[EventCountry "SVK"]
[SourceTitle "playchess.com"]
[Source "ChessBase"]
[SourceQuality "1"]
[TimeControl "40/5400+30:1800+30"]

1. e4 g6 2. d4 Bg7 3. Nc3 d6 4. Be3 c6 5. Qd2 Nd7 6. O-O-O b5 7. e5 dxe5 8. d5 c5 9. Bxb5 a6 10. Ba4 Qa5 11. Nge2 Rb8 12. f4 Qb4 13. b3 Qa3+ 14. Kb1 e4 15. Qc1 Qb4 16. a3 Qa5 17. Bxd7+ Bxd7 18. Nxe4 c4 19. Ka2 cxb3+ 20. cxb3 Qb5 21. Qc2 Bg4 22. Nd4 Bxd1 23. Rxd1 Qd7 24. Nc6 Rc8 25. Nc5 Qd6 26. Nxa6 Nf6 27. Bc5 Qxf4 28. Bxe7 Rxc6 29. Qxc6+ Kxe7 30. Re1+ Kd8 31. Qa8+ Kd7 32. Nc5+ Kc7 33. Na6+ Kb6 34. Qc6+ 1-0

[Event "SVK-ch Open 2018"]
[Site "Banska Stiavnica"]
[Date "2018.07.12"]
[Round "6"]
[White "Gyerpal, Adrian"]
[Black "Panko, Eduard"]
[Result "1/2-1/2"]
[ECO "C00"]
[WhiteElo "1990"]
[BlackElo "1958"]
[Annotator "NA"]
[PlyCount "84"]
[EventDate "2018.07.07"]
[EventType "swiss"]
[EventCountry "SVK"]
[SourceTitle "playchess.com"]
[Source "ChessBase"]
[SourceQuality "1"]
[TimeControl "40/5400+30:1800+30"]

1. e4 e6 2. d3 d5 3. Nd2 c5 4. Ngf3 Nc6 5. g3 g6 6. Bg2 Bg7 7. O-O Nf6 8. Re1 h6 9. c3 b6 10. e5 Nd7 11. d4 a5 12. Nf1 a4 13. h4 h5 14. Bg5 Qc7 15. Qc2 c4 16. a3 Bb7 17. Bh3 Nf8 18. Ne3 Nh7 19. Bf4 b5 20. Nxd5 Qd8 21. Ne3 Ne7 22. Bg2 Nd5 23. Nxd5 Qxd5 24. Red1 Qxf3 25. Bxf3 Bxf3 26. Re1 Bd5 27. Qd2 Nf8 28. Bg5 Nd7 29. Qe3 Rh7 30. f3 Rc8 31. Rf1 Rc7 32. Rf2 Nb8 33. Raf1 Nc6 34. g4 Ne7 35. Qf4 Bf8 36. Qg3 Rc6 37. Rh2 Rc7 38. f4 hxg4 39. Bxe7 Bxe7 40. Qxg4 Rh5 41. Re1 Rc6 42. Re3 Kd7 1/2-1/2

[Event "SVK-ch Open 2018"]
[Site "Banska Stiavnica"]
[Date "2018.07.12"]
[Round "6"]
[White "Mandak, Miroslav"]
[Black "Petran, Peter"]
[Result "0-1"]
[ECO "A04"]
[WhiteElo "1989"]
[BlackElo "2302"]
[Annotator "NA"]
[PlyCount "68"]
[EventDate "2018.07.07"]
[EventType "swiss"]
[EventCountry "SVK"]
[SourceTitle "playchess.com"]
[Source "ChessBase"]
[SourceQuality "1"]
[TimeControl "40/5400+30:1800+30"]

1. Nf3 g6 2. g3 Bg7 3. Bg2 e5 4. O-O d5 5. c3 Ne7 6. d3 Nbc6 7. Nbd2 h6 8. Ne1 Be6 9. e3 Qd7 10. d4 Bh3 11. Nd3 Bxg2 12. Kxg2 f6 13. b4 b6 14. a4 Nd8 15. a5 Ne6 16. f4 e4 17. Nf2 b5 18. g4 f5 19. Nb3 c6 20. Bd2 O-O-O 21. Kh1 Rdf8 22. Qe2 g5 23. Nc5 Nxc5 24. bxc5 gxf4 25. exf4 Rhg8 26. Rg1 Ng6 27. Be3 Nh4 28. Rg3 Nf3 29. a6 fxg4 30. Nxg4 Bxd4 31. cxd4 Rxg4 32. Rxg4 Qxg4 33. Rg1 Qh5 34. Qg2 Nxg1 0-1

[Event "SVK-ch Open 2018"]
[Site "Banska Stiavnica"]
[Date "2018.07.12"]
[Round "6"]
[White "Gombar, Peter"]
[Black "Vyletel, Samuel"]
[Result "1-0"]
[ECO "D05"]
[WhiteElo "1974"]
[BlackElo "1798"]
[Annotator "NA"]
[PlyCount "79"]
[EventDate "2018.07.07"]
[EventType "swiss"]
[EventCountry "SVK"]
[SourceTitle "playchess.com"]
[Source "ChessBase"]
[SourceQuality "1"]
[TimeControl "40/5400+30:1800+30"]

1. d4 d5 2. Nf3 Nf6 3. e3 e6 4. Bd3 c5 5. c3 Nc6 6. Nbd2 Bd6 7. O-O O-O 8. dxc5 Bxc5 9. e4 dxe4 10. Nxe4 Nxe4 11. Bxe4 Qxd1 12. Rxd1 f5 13. Bxc6 bxc6 14. Ne5 Bb6 15. Nxc6 Bb7 16. Ne5 Rad8 17. Bg5 Rd5 18. Rxd5 Bxd5 19. c4 Be4 20. Rd1 h6 21. Be3 Bxe3 22. fxe3 Rb8 23. b3 a5 24. Nd7 Rc8 25. Nb6 Rc6 26. Na4 g5 27. Nc3 Kf7 28. Nxe4 fxe4 29. Rd4 Kf6 30. Kf2 Kf5 31. Ke2 Rb6 32. Kd2 h5 33. Kc3 h4 34. c5 Rc6 35. Kc4 a4 36. b4 e5 37. Rd2 Kg4 38. b5 Rc8 39. b6 h3 40. b7 1-0

[Event "SVK-ch Open 2018"]
[Site "Banska Stiavnica"]
[Date "2018.07.12"]
[Round "6"]
[White "Sandor, Martin"]
[Black "Stockova, Zuzana"]
[Result "0-1"]
[ECO "B32"]
[WhiteElo "1968"]
[BlackElo "2301"]
[Annotator "NA"]
[PlyCount "84"]
[EventDate "2018.07.07"]
[EventType "swiss"]
[EventCountry "SVK"]
[SourceTitle "playchess.com"]
[Source "ChessBase"]
[SourceQuality "1"]
[TimeControl "40/5400+30:1800+30"]

1. e4 c5 2. Nf3 Nc6 3. d4 cxd4 4. Nxd4 e5 $11 {[%emt 0:00:13] LiveBook: 5756 Games} 5. Nb5 d6 6. N1c3 a6 7. Na3 Be7 8. Nd5 Be6 9. Be3 Bxd5 10. exd5 Nb8 11. g3 Nd7 12. c3 Ngf6 13. Bg2 O-O 14. O-O Ne8 15. Qd2 Rc8 16. Nc2 Nc5 17. Bxc5 Rxc5 18. Ne3 f5 19. Bh3 g6 20. Rae1 f4 21. gxf4 exf4 22. Nc2 Ng7 23. Be6+ Nxe6 24. Rxe6 f3 25. Kh1 Bf6 26. Rfe1 Rc4 27. R1e4 Rxe4 28. Rxe4 Be5 29. Nd4 Qf6 30. Ne6 Re8 31. Qe3 Qf5 32. Nd4 Qh3 33. Nxf3 Rf8 34. Rxe5 dxe5 35. Ng1 Qxe3 36. fxe3 Rf2 37. c4 Kf7 38. Nh3 Rxb2 39. Ng5+ Ke7 40. c5 Rxa2 41. d6+ Ke8 42. Ne4 Rc2 0-1

[Event "SVK-ch Open 2018"]
[Site "Banska Stiavnica"]
[Date "2018.07.12"]
[Round "6"]
[White "Jencopala, Alexander"]
[Black "Bobro, Jan"]
[Result "1/2-1/2"]
[ECO "B43"]
[WhiteElo "1943"]
[BlackElo "1584"]
[Annotator "NA"]
[PlyCount "34"]
[EventDate "2018.07.07"]
[EventType "swiss"]
[EventCountry "SVK"]
[SourceTitle "playchess.com"]
[Source "ChessBase"]
[SourceQuality "1"]
[TimeControl "40/5400+30:1800+30"]

1. e4 c5 2. Nf3 e6 3. d4 cxd4 4. Nxd4 a6 5. Nc3 b5 6. Bd3 Bc5 7. Nb3 Bb6 8. O-O Qc7 9. Re1 d6 10. Be3 Bxe3 11. Rxe3 Nf6 12. Rg3 O-O 13. Qf3 Nbd7 14. e5 Bb7 15. exf6 Bxf3 16. Rxg7+ Kh8 17. Rxh7+ Kg8 1/2-1/2

[Event "SVK-ch Open 2018"]
[Site "Banska Stiavnica"]
[Date "2018.07.12"]
[Round "6"]
[White "Tomanek, Rafael"]
[Black "Seres, Bela"]
[Result "0-1"]
[ECO "A43"]
[WhiteElo "1939"]
[BlackElo "2212"]
[Annotator "NA"]
[PlyCount "82"]
[EventDate "2018.07.07"]
[EventType "swiss"]
[EventCountry "SVK"]
[SourceTitle "playchess.com"]
[Source "ChessBase"]
[SourceQuality "1"]
[TimeControl "40/5400+30:1800+30"]

1. d4 c5 2. Nf3 e6 3. c4 Nf6 4. Nc3 a6 5. e4 cxd4 6. Nxd4 Qc7 7. Be2 b6 8. Be3 Bb7 9. Qd3 Nc6 10. Nxc6 Bxc6 11. O-O Bb4 12. f3 Bd6 13. f4 Bb4 14. Bf3 h5 15. a3 Be7 16. e5 Ng4 17. Bd4 Rc8 18. b3 d6 19. exd6 Qxd6 20. Rad1 Bxf3 21. Rxf3 Qxa3 22. Bxg7 Rd8 23. Nd5 Qc5+ 24. Kh1 Rg8 25. b4 Qd6 26. Qh7 Rxg7 27. Qxg7 exd5 28. Qh8+ Kd7 29. Qxh5 Nf6 30. Qf5+ Qe6 31. Qd3 Kc7 32. cxd5 Rxd5 33. Rc1+ Kb7 34. Qc2 Qd7 35. Rc3 Bd6 36. g3 Bb8 37. Rc6 Rd2 38. Qb3 Ng4 39. Qf3 Rxh2+ 40. Kg1 Qd4+ 41. Kf1 Rf2+ 0-1

[Event "SVK-ch Open 2018"]
[Site "Banska Stiavnica"]
[Date "2018.07.12"]
[Round "6"]
[White "Liska, Jaroslav"]
[Black "Bartek, Ladislav"]
[Result "1-0"]
[ECO "C85"]
[WhiteElo "1914"]
[BlackElo "2049"]
[Annotator "NA"]
[PlyCount "24"]
[EventDate "2018.07.07"]
[EventType "swiss"]
[EventCountry "SVK"]
[SourceTitle "playchess.com"]
[Source "ChessBase"]
[SourceQuality "1"]
[TimeControl "40/5400+30:1800+30"]

1. e4 e5 2. Nf3 Nc6 3. Bb5 a6 4. Ba4 Nf6 5. O-O Be7 6. Bxc6 dxc6 7. Nxe5 Nxe4 8. d3 Nd6 9. Bf4 O-O 10. Nd2 Bf6 11. d4 Re8 12. Ndf3 Bg4 1-0

[Event "SVK-ch Open 2018"]
[Site "Banska Stiavnica"]
[Date "2018.07.12"]
[Round "6"]
[White "Brnusak, Tomas"]
[Black "Cech, Dominik"]
[Result "0-1"]
[ECO "E73"]
[WhiteElo "1910"]
[BlackElo "2151"]
[Annotator "NA"]
[PlyCount "74"]
[EventDate "2018.07.07"]
[EventType "swiss"]
[EventCountry "SVK"]
[SourceTitle "playchess.com"]
[Source "ChessBase"]
[SourceQuality "1"]
[TimeControl "40/5400+30:1800+30"]

1. d4 Nf6 2. c4 g6 3. Nc3 Bg7 4. e4 d6 5. Be2 O-O $14 {[%emt 0:00:51] LiveBook: 11691 Partien} 6. Be3 e5 7. d5 Na6 8. h4 Nc5 9. f3 Nh5 10. g4 Nf4 11. Qd2 Ng2+ 12. Kd1 Nxe3+ 13. Qxe3 a5 14. h5 c6 15. Kc2 a4 16. Nh3 cxd5 17. cxd5 Bd7 18. Nf2 Rb8 19. Nd3 b5 20. b4 axb3+ 21. axb3 Nxd3 22. Bxd3 Bf6 23. b4 Bg5 24. Qf2 Qc7 25. Kb2 Rfc8 26. Ra3 Ra8 27. Rha1 Ra4 28. Rb3 Rxb4 29. Qc2 Qc5 30. Raa3 Rd4 31. Ne2 Rxd3 32. Qxd3 Bc1+ 33. Kb1 Bxa3 34. Rxa3 b4 35. Ra2 Bb5 36. Qc2 Qxc2+ 37. Rxc2 Bd3 0-1

[Event "SVK-ch Open 2018"]
[Site "Banska Stiavnica"]
[Date "2018.07.12"]
[Round "6"]
[White "Ucekajova, Veronika"]
[Black "Toma, Rudolf"]
[Result "1/2-1/2"]
[ECO "B10"]
[WhiteElo "1757"]
[BlackElo "2018"]
[Annotator "NA"]
[PlyCount "71"]
[EventDate "2018.07.07"]
[EventType "swiss"]
[EventCountry "SVK"]
[SourceTitle "playchess.com"]
[Source "ChessBase"]
[SourceQuality "1"]
[TimeControl "40/5400+30:1800+30"]

1. e4 c6 2. Nc3 e5 3. Nf3 d6 4. d4 Qc7 5. Be3 Nf6 6. h3 Be7 7. Be2 O-O 8. Qd2 b5 9. a3 a6 10. g4 Bb7 11. g5 Nxe4 12. Nxe4 exd4 13. Qxd4 c5 14. Qd3 d5 15. Ng3 d4 16. Bd2 g6 17. c3 Nc6 18. cxd4 Nxd4 19. Nxd4 Bxh1 20. Nf3 Bxf3 21. Qxf3 c4 22. Ne4 Rad8 23. Bc3 Qb6 24. Nf6+ Bxf6 25. Qxf6 Qxf6 26. Bxf6 Rc8 27. a4 Rfe8 28. axb5 axb5 29. Ra5 b4 30. Re5 Rxe5 31. Bxe5 c3 32. bxc3 bxc3 33. Kd1 c2+ 34. Kc1 Re8 35. f4 Ra8 36. Kxc2 1/2-1/2

[Event "SVK-ch Open 2018"]
[Site "Banska Stiavnica"]
[Date "2018.07.12"]
[Round "6"]
[White "Fizer, Marek"]
[Black "Nogrady, Vilmos"]
[Result "0-1"]
[ECO "B01"]
[WhiteElo "1740"]
[BlackElo "2154"]
[Annotator "NA"]
[PlyCount "102"]
[EventDate "2018.07.07"]
[EventType "swiss"]
[EventCountry "SVK"]
[SourceTitle "playchess.com"]
[Source "ChessBase"]
[SourceQuality "1"]
[TimeControl "40/5400+30:1800+30"]

1. e4 d5 2. exd5 Qxd5 3. Nc3 Qd6 4. Nf3 Nf6 5. d4 a6 6. Bd3 Bg4 7. O-O Nc6 8. Be3 O-O-O 9. h3 Bh5 10. a3 e5 11. dxe5 Nxe5 12. Be2 Qxd1 13. Rfxd1 Rxd1+ 14. Rxd1 Nxf3+ 15. Bxf3 Bxf3 16. gxf3 Be7 17. Kf1 Rd8 18. Rxd8+ Kxd8 19. Ke2 Kd7 20. Kd3 Ke6 21. Ne2 g6 22. Nd4+ Kd7 23. b4 c5 24. bxc5 Bxc5 25. a4 Ne8 26. Nb3 Be7 27. Kd4 Nc7 28. c4 f6 29. Nd2 Kc6 30. Nb3 Ne6+ 31. Ke4 Nc5+ 32. Nxc5 Bxc5 33. Bd4 Bxd4 34. Kxd4 b6 35. f4 Kd6 36. h4 Kc6 37. Ke4 Kc5 38. Kd3 Kb4 39. f5 gxf5 40. f4 Kxa4 41. Kc3 Ka3 42. h5 a5 43. h6 a4 44. Kc2 Kb4 45. Kb2 Kxc4 46. Ka3 b5 47. Kb2 b4 48. Ka2 Kc3 49. Kb1 b3 50. Ka1 a3 51. Kb1 Kd3 0-1

[Event "SVK-ch Open 2018"]
[Site "Banska Stiavnica"]
[Date "2018.07.12"]
[Round "6"]
[White "Rakovsky, Jakub"]
[Black "Posa, Norbert"]
[Result "1/2-1/2"]
[ECO "B10"]
[WhiteElo "1409"]
[BlackElo "2036"]
[Annotator "NA"]
[PlyCount "110"]
[EventDate "2018.07.07"]
[EventType "swiss"]
[EventCountry "SVK"]
[SourceTitle "playchess.com"]
[Source "ChessBase"]
[SourceQuality "1"]
[TimeControl "40/5400+30:1800+30"]

1. e4 c6 2. Nc3 d5 3. Nf3 Nf6 4. e5 Ne4 5. Ne2 Qb6 6. d4 e6 7. Ng3 Nxg3 8. hxg3 c5 9. c3 Nc6 10. Be2 cxd4 11. cxd4 Bb4+ 12. Kf1 Bd7 13. g4 f6 14. Be3 fxe5 15. dxe5 Bc5 16. Bxc5 Qxc5 17. Rc1 Qb6 18. Qd2 Qb4 19. Qg5 Qe7 20. Qh5+ Qf7 21. Bd3 Qxh5 22. Rxh5 h6 23. g5 Ke7 24. Ke2 Rac8 25. Rch1 Nb4 26. gxh6 Nxd3 27. Kxd3 Be8 28. Rg5 gxh6 29. Rg7+ Bf7 30. Nh4 Kf8 31. Rg3 Rg8 32. Rxg8+ Kxg8 33. g4 Rc4 34. f3 Kg7 35. b3 Rb4 36. Rc1 Bg6+ 37. Nxg6 Kxg6 38. Rc7 h5 39. gxh5+ Kxh5 40. Rf7 Rb6 41. f4 Kg4 42. Ke3 Rb4 43. Rf6 Rb6 44. Rg6+ Kh5 45. Rg7 Kh6 46. Rg8 Kh7 47. Rf8 Kg7 48. Rf6 Ra6 49. f5 exf5 50. Rxf5 Rxa2 51. e6 Ra6 52. Re5 Kf8 53. Kd4 Ke7 54. Kxd5 Rd6+ 55. Kc5 Rxe6 1/2-1/2

[Event "SVK-ch Open 2018"]
[Site "Banska Stiavnica"]
[Date "2018.07.13"]
[Round "7"]
[White "Szeberenyi, Adam"]
[Black "Mrvova, Alena"]
[Result "1-0"]
[ECO "D37"]
[WhiteElo "2372"]
[BlackElo "2202"]
[Annotator "NA"]
[PlyCount "77"]
[EventDate "2018.07.07"]
[EventType "swiss"]
[EventCountry "SVK"]
[SourceTitle "playchess.com"]
[Source "ChessBase"]
[SourceQuality "1"]
[TimeControl "40/5400+30:1800+30"]

1. d4 Nf6 2. c4 e6 3. Nf3 Bb4+ 4. Bd2 Be7 5. Nc3 d5 6. Bf4 c6 7. e3 Nbd7 8. h3 Nf8 9. Bd3 dxc4 10. Bxc4 Ng6 11. Bg3 Nd5 12. e4 Nxc3 13. bxc3 O-O 14. h4 Qa5 15. Qc2 Rd8 16. h5 Nf8 17. Kf1 c5 18. h6 g6 19. Bh4 Bxh4 20. Rxh4 Qc7 21. Qc1 Qe7 22. Qf4 cxd4 23. cxd4 Bd7 24. d5 exd5 25. exd5 Bf5 26. Qd4 Ne6 27. Qb2 b5 28. dxe6 fxe6 29. Qxb5 Rac8 30. Re1 Qf6 31. Kg1 Rd6 32. Bb3 Rdc6 33. Rc4 Rxc4 34. Bxc4 g5 35. Qa6 Re8 36. Qc6 Kf8 37. Qd6+ Kg8 38. Qd7 Kf8 39. Nd4 1-0

[Event "SVK-ch Open 2018"]
[Site "Banska Stiavnica"]
[Date "2018.07.13"]
[Round "7"]
[White "Jablonicky, Martin"]
[Black "Milcova, Zuzana"]
[Result "1-0"]
[ECO "B12"]
[WhiteElo "2356"]
[BlackElo "2002"]
[Annotator "NA"]
[PlyCount "53"]
[EventDate "2018.07.07"]
[EventType "swiss"]
[EventCountry "SVK"]
[SourceTitle "playchess.com"]
[Source "ChessBase"]
[SourceQuality "1"]
[TimeControl "40/5400+30:1800+30"]

1. e4 c6 2. d4 d5 3. e5 Bf5 4. Nf3 h6 5. Be2 e6 6. O-O c5 7. Be3 Nd7 8. Nbd2 c4 9. b3 b5 10. a4 c3 11. axb5 cxd2 12. Qxd2 g5 13. c4 g4 14. Ne1 f6 15. f4 h5 16. c5 fxe5 17. fxe5 Bh6 18. Nd3 Bxe3+ 19. Qxe3 Ne7 20. Ra6 Nc8 21. Nf4 Nb8 22. Ra2 Qd7 23. c6 Qh7 24. Bd3 Rf8 25. Nxe6 Rf7 26. Bxf5 Rxf5 27. Rxf5 1-0

[Event "SVK-ch Open 2018"]
[Site "Banska Stiavnica"]
[Date "2018.07.13"]
[Round "7"]
[White "Gelle, Istvan"]
[Black "Chrenko, Kristian"]
[Result "1/2-1/2"]
[ECO "D00"]
[WhiteElo "2344"]
[BlackElo "1992"]
[Annotator "NA"]
[PlyCount "64"]
[EventDate "2018.07.07"]
[EventType "swiss"]
[EventCountry "SVK"]
[SourceTitle "playchess.com"]
[Source "ChessBase"]
[SourceQuality "1"]
[TimeControl "40/5400+30:1800+30"]

1. d4 d5 2. Bf4 Nf6 3. e3 e6 4. Nd2 c5 $11 {[%emt 0:00:05] LiveBook: 234 Games} 5. c3 Nc6 6. Ngf3 Bd6 7. Bg3 O-O 8. Bd3 b6 9. Ne5 Bb7 10. f4 Ne7 11. Qb1 g6 12. Bh4 Nf5 13. Bxf5 exf5 14. O-O Be7 15. h3 Ne4 16. Bxe7 Qxe7 17. Nxe4 fxe4 18. b4 cxd4 19. cxd4 Rac8 20. Qb2 Rc7 21. Rfc1 Rfc8 22. a3 h5 23. g4 hxg4 24. Nxg4 Qh4 25. Kg2 Ba6 26. Rxc7 Rxc7 27. Qf2 Qxf2+ 28. Kxf2 Rc2+ 29. Kg3 Kg7 30. a4 Be2 31. Ra3 Bf3 32. b5 Bxg4 1/2-1/2